 Dungeon Crawl Stone Soup version 0.27-a0-1319-geec4fb4e21 (webtiles) character file.

Game seed: 4856895968139414695

493 ipx the Conjurer (level 6, -2/32 HPs)
             Began as a Deep Elf Fire Elementalist on June 21, 2021.
             Slain by a gnoll sergeant (5 damage)
             ... on level 5 of the Dungeon.
             The game lasted 00:19:43 (1417 turns).

ipx the Conjurer (Deep Elf Fire Elementalist)       Turns: 1417, Time: 00:19:44

Health: -2/32      AC:  4    Str:  5    XL:     6   Next: 92%
Magic:  2/12       EV: 12    Int: 22    God:
Gold:   145        SH:  0    Dex: 15    Spells: 3/11 levels left

rFire    . . .     SeeInvis .   g - scroll of teleportation
rCold    . . .     Faith    .   (no shield)
rNeg     . . .     Spirit   .   a - +0 robe
rPois    .         Reflect  .   i - +0 helmet
rElec    .         Harm     .   (no cloak)
rCorr    .         Rampage  .   (no gloves)
Will     .....                  e - +0 pair of boots
Stlth    ++........             (no amulet)
HPRegen  0.10/turn              (no ring)
MPRegen  0.13/turn              (no ring)

@: no status effects
A: no striking features
a: no special abilities


You were on level 5 of the Dungeon.
You visited 1 branch of the dungeon, and saw 5 of its levels.

You collected 145 gold pieces.

Inventory:

Missiles
 h - 7 poisoned darts (quivered)
Armour
 a - a +0 robe (worn)
 e - a +0 pair of boots (worn)
 i - a +0 helmet (worn)
Jewellery
 b - a ring of positive energy
Scrolls
 c - a scroll of enchant weapon {unknown}
 g - a scroll of teleportation (in hand)
 j - a scroll of identify {unknown}
 k - a scroll of brand weapon {unknown}
 m - a scroll of holy word {unknown}
 n - a scroll of noise {unknown}
Potions
 d - a potion of resistance {unknown}
 f - a potion of heal wounds {unknown}
 l - 2 potions of flight {unknown}
 o - a potion of degeneration {unknown}


   Skills:
 - Level 2.4 Dodging
 - Level 2.4 Stealth
 - Level 3.0 Spellcasting
 + Level 6.5 Conjurations
 + Level 5.6 Fire Magic


You had 3 spell levels left.
You knew the following spells:

 Your Spells              Type           Power      Damage    Failure   Level
f - Conjure Flame         Conj/Fire      30%        6-21      3%          3
t - Sticky Flame          Conj/Fire      30%        2d5       10%         4
z - Foxfire               Conj/Fire      100%       2x1d9     1%          1

Your spell library contained the following spells:

 Spells                   Type           Power      Damage    Failure   Level
 Magic Dart               Conj           100%       1d8       1%          1
 Stone Arrow              Conj/Erth      34%        3d9       10%         3
 Sandblast                Erth           6%         2d5       12%         1
 Inner Flame              Hex/Fire       15%        N/A       12%         3
 Mephitic Cloud           Conj/Pois/Air  12%        N/A       16%         3
 Blink                    Tloc           N/A        N/A       19%         2
 Call Imp                 Summ           3%         N/A       19%         2
 Passwall                 Tmut/Erth      2%         N/A       19%         2
 Slow                     Hex            3%         N/A       19%         2
 Fireball                 Conj/Fire      15%        3d8       28%         5
 Petrify                  Tmut/Erth      3%         N/A       77%         4
 Lee's Rapid Deconstruct  Erth           1%         3d5*      98%         5


Dungeon Overview and Level Annotations

Branches:
Dungeon (5/15)
 Temple: D:4-7

Altars:
Fedhas
Hepliaklqana
Yredelemnul

Annotations:
D:3 2 transporters, bmj180's ghost, amateur MiFi


Message History

You conjure some foxfire!
Casting: Foxfire (safe; 1% risk of failure)
Confirm with . or Enter, or press ? or * to list all spells.
You conjure some foxfire!
The foxfire hits the gnoll sergeant but does no damage.
The gnoll sergeant is lightly wounded.
The foxfire hits the gnoll sergeant but does no damage.
The gnoll sergeant is lightly wounded.
The gnoll sergeant hits you from afar with a +0 spear!
The foxfire hits the gnoll sergeant but does no damage.
The gnoll sergeant is lightly wounded.
The foxfire hits the gnoll sergeant!
The gnoll sergeant is heavily wounded.
The foxfire hits the gnoll sergeant.
The gnoll sergeant is heavily wounded.
The foxfire hits the gnoll sergeant.
The gnoll sergeant is heavily wounded.
Casting: Foxfire (safe; 1% risk of failure)
Confirm with . or Enter, or press ? or * to list all spells.
You conjure some foxfire!
The gnoll sergeant hits you from afar with a +0 spear!
The foxfire hits the gnoll sergeant.
The gnoll sergeant is heavily wounded.
The foxfire hits the gnoll sergeant but does no damage.
The gnoll sergeant is heavily wounded.
The gnoll sergeant hits you from afar with a +0 spear!
* * * LOW HITPOINT WARNING * * *
Casting: Foxfire (safe; 1% risk of failure)
Confirm with . or Enter, or press ? or * to list all spells.
You conjure some foxfire!
The gnoll sergeant hits you but does no damage.
The foxfire hits the gnoll sergeant but does no damage.
The gnoll sergeant is heavily wounded.
The foxfire hits the gnoll sergeant.
The gnoll sergeant is severely wounded.
Casting: Foxfire (safe; 1% risk of failure)
Confirm with . or Enter, or press ? or * to list all spells.
You conjure some foxfire!
The gnoll sergeant hits you from afar with a +0 spear.
You die...

##### ######
...>##############.....#
....#...#........#.....#
....'...#........#.....#
....#g..##...##..#.....#
....#...##...##.v#.....#
....#......)..g§@'.....#
....#.....).)..§v#.....#
....###+##...##'######...
....#...##)..##..##..# .
....#....'...#...#...#
....'...##...##..#...#
....#...##...##..#...#
....######.......'...#
....#............##..#


You could see a gnoll sergeant (ally target).

Vanquished Creatures
  A necrophage (D:5)
  2 scorpions (D:4)
  2 hounds (D:4)
  2 orc priests (D:4)
  Jessica (D:2)
  An orc wizard (D:4)
  An adder (D:3)
  3 gnolls (D:5)
  A howler monkey skeleton (D:4)
  An adder skeleton (D:4)
  2 worms
  A dart slug (D:4)
  7 orcs
  7 ball pythons
  3 endoplasms (D:2)
  2 giant cockroaches (D:1)
  3 hobgoblins (D:4)
  3 jackals (D:1)
  5 kobolds
  A quokka (D:2)
  4 bats
  2 frilled lizards
  7 goblins
  A jackal skeleton (D:4)
  A rat (D:2)
64 creatures vanquished.

Vanquished Creatures (others)
  211 foxfires
  A fungus (D:2)
212 creatures vanquished.

Grand Total: 276 creatures vanquished

Notes
Turn   | Place    | Note
-------+----------+-------------------------------------------
     0 | D:1      | ipx the Deep Elf Fire Elementalist began the quest for the
                  | Orb.
     0 | D:1      | Reached XP level 1. HP: 10/10 MP: 6/6
   126 | D:1      | Reached skill level 2 in Conjurations
   126 | D:1      | Reached XP level 2. HP: 15/15 MP: 4/8
   279 | D:2      | Found a faded altar of an unknown god.
   443 | D:2      | Noticed Jessica
   459 | D:2      | Killed Jessica
   460 | D:2      | Reached skill level 3 in Conjurations
   460 | D:2      | Reached XP level 3. HP: 19/19 MP: 5/9
   464 | D:2      | Learned a level 3 spell: Conjure Flame
   559 | D:3      | Noticed bmj180's ghost (amateur MiFi)
   585 | D:3      | Found a transporter.
   639 | D:3      | Found a basalt altar of Yredelemnul.
   691 | D:3      | Found a blossoming altar of Fedhas.
   698 | D:3      | Reached XP level 4. HP: 24/24 MP: 6/10
   703 | D:3      | Learned a level 4 spell: Sticky Flame
   751 | D:3      | Found a transporter.
   799 | D:4      | Noticed a scorpion
   807 | D:4      | Killed a scorpion
   808 | D:4      | Reached skill level 4 in Conjurations
   808 | D:4      | Reached XP level 5. HP: 21/28 MP: 3/11
   925 | D:4      | Reached skill level 5 in Conjurations
  1134 | D:4      | Noticed a yak
  1136 | D:4      | Reached skill level 5 in Fire Magic
  1136 | D:4      | Reached XP level 6. HP: 28/32 MP: 3/12
  1136 | D:4      | Noticed a yak
  1215 | D:4      | Reached skill level 6 in Conjurations
  1290 | D:4      | Found a hazy altar of Hepliaklqana.
  1307 | D:5      | Entered Level 5 of the Dungeon
  1417 | D:5      | Slain by a gnoll sergeant

Illustrated notes

Levels and vault maps discovered:
D:1:      dpeg_arrival_simpleton_b, layout_rooms, serial_corexii_hall,
          chequers_hall_statues_y, corexii_hall_statues_x
D:2:      layout_loops_ring, shapermc_ecumenical_altar_mp_urbaneastern,
          uniq_terence, uniq_jessica
D:3:      layout_basic, fedhas_altar_2, lemuel_doored_altar,
          gammafunk_ghost_arena, kennysheep_generic_room_5
D:4:      minmay_recursive_quarters, layout_rooms,
          worldfamousw_hep_ancestral_shrine
D:5:      layout_gridville

Skill      XL: |  1  2  3  4  5  6 |
---------------+-------------------+-----
Conjurations   | 2 3 4 5 6 |  6.5
Fire Magic     | 4 5 |  5.6
Dodging        | |  2.4
Stealth        | |  2.4
Spellcasting   | |  3.0

Action                   |  1- 3 |  4- 6 || total
-------------------------+-------+-------++-------
Melee: Unarmed           |     2 |       ||     2
Throw: Dart              |       |     8 ||     8
 Cast: Foxfire           |    57 |    72 ||   129
       Conjure Flame     |       |     1 ||     1
  Use: Potion            |       |     1 ||     1
       Scroll            |       |     1 ||     1
Armor: Robe              |       |     3 ||     3
Dodge: Dodged            |     4 |     9 ||    13

Table legend: (Time is in decaauts)
 A = Elapsed time spent in this place.
 B = Non-inter-level travel time spent in this place.
 C = Inter-level travel time spent in this place.
 D = Time resting spent in this place.
 E = Time spent auto-exploring this place.
 F = Levels seen in this place.
 G = Mean time per level.
                   A        B        C        D        E       F      G
               +--------+--------+--------+--------+--------+-----+--------+
         Total |   1438 |   1438 |      0 |      0 |      0 |   5 |  287.6 |
       Dungeon |   1438 |   1438 |      0 |      0 |      0 |   5 |  287.6 |
               +--------+--------+--------+--------+--------+-----+--------+

Top non-repeatable levels by time:
     D:4: 428 daAuts
     D:2: 348 daAuts
     D:3: 346 daAuts
     D:1: 205 daAuts
     D:5: 109 daAuts
